Map: Ley Lines

Players

KimChiLoVer - Winner!

  • Race: Terran Terran
  • Spawn Location: 7:00

VOD

Have the link to the VOD?

Description

Time

  • Played on: Aug. 13, 2025, 9:48 p.m.
  • Length: 10:08
Show
View Real Time Build Order
Export as new Build Order

KimChiLoVer Terran - Winner!

Build Orders: Reaper Expand 

Get SALT Encoding   

  12  0:02  SCV  
  12  0:14  SCV  
  12  0:18  Supply Depot  
  12  0:30  SCV  
  12  0:41  Barracks  
  12  0:42  SCV  
  12  0:45  Refinery  
  12  0:55  SCV  
  12  1:07  SCV  
  12  1:19  SCV  
  12  1:31  Orbital Command  
  12  1:32  Reaper  
  12  1:40  Command Center  
  12  1:49  Supply Depot  
  12  1:57  SCV  
  12  2:04  Marine  
  12  2:06  Factory  
  12  2:09  SCV  
  12  2:12  Refinery  
  12  2:21  SCV  
  12  2:27  Barracks  
  12  2:33  SCV  
  12  2:37  Barracks Reactor  
  12  2:42  Barracks  
  12  2:45  SCV  
  12  2:53  Factory Tech Lab  
  12  2:57  Orbital Command  
  12  2:58  SCV  
  12  3:10  SCV  
  12  3:15  Marine  
  12  3:16  Marine  
  12  3:22  SCV  
  12  3:23  SCV  
  12  3:26  Stimpack  
  12  3:31  Marine  
  12  3:32  Marine  
  12  3:33  Marine x2  
  12  3:37  SCV  
  12  3:38  SCV  
  12  3:47  Command Center  
  12  3:53  Engineering Bay  
  12  3:58  Engineering Bay, SCV  
  12  4:00  SCV  
  12  4:04  Marine  
  12  4:09  Factory Reactor  
  12  4:10  Starport  
  12  4:11  SCV  
  12  4:15  SCV  
  12  4:21  Supply Depot  
  12  4:23  Supply Depot  
  12  4:24  Terran Infantry Weapons Level 1  
  12  4:28  Terran Infantry Armor Level 1  
  12  4:30  Marine  
  12  4:33  Barracks Tech Lab  
  12  4:36  Marine  
  12  4:40  SCV  
  12  4:42  Refinery  
  12  4:49  Barracks  
  12  4:53  Barracks  
  12  4:57  SCV  
  12  5:00  SCV  
  12  5:01  Orbital Command  
  12  5:04  Medivac  
  12  5:05  Medivac  
  12  5:08  Marine  
  12  5:11  Combat Shield  
  12  5:13  Concussive Shells  
  12  5:19  SCV  
  12  5:24  Armory  
  12  5:25  Marine x2  
  12  5:31  SCV  
  12  5:33  Refinery, SCV, Factory Tech Lab  
  12  5:38  Barracks Reactor  
  12  5:39  Marine x2  
  12  5:45  SCV  
  12  5:46  Supply Depot  
  12  5:49  Supply Depot  
  12  5:50  SCV x2  
  12  5:53  Medivac  
  12  5:56  Siege Tank  
  12  5:57  SCV  
  12  5:59  Marine x2  
  12  6:01  Orbital Command  
  12  6:02  Barracks Tech Lab  
  12  6:09  SCV  
  12  6:12  Marine x2  
  12  6:16  Marine x2  
  12  6:21  Terran Infantry Weapons Level 2  
  12  6:22  Terran Infantry Armor Level 2, Supply Depot  
  12  6:26  Marine x3  
  12  6:29  Marine  
  12  6:36  Barracks  
  12  6:37  Barracks  
  12  6:41  Barracks  
  12  6:43  Marauder, Marine x2  
  12  6:45  Marauder  
  12  6:49  SCV  
  12  6:58  Marauder, Marine  
  12  7:01  SCV  
  12  7:05  Marauder  
  12  7:07  Supply Depot  
  12  7:08  Terran Vehicle And Ship Armor Level 1, Supply Depot  
  12  7:10  Siege Tank  
  12  7:12  Medivac  
  12  7:13  SCV  
  12  7:16  SCV x2  
  12  7:29  Medivac, SCV  
  12  7:30  Barracks Tech Lab x2, Starport, Supply Depot  
  12  7:31  Barracks Reactor  
  12  7:35  Supply Depot  
  12  7:37  SCV x2  
  12  7:40  Marauder x2, Marine  
  12  7:41  SCV  
  12  7:47  Supply Depot  
  12  7:49  Supply Depot  
  12  7:52  Marauder x2, Marine x3  
  12  7:53  SCV  
  12  7:55  Supply Depot  
  12  7:58  Supply Depot  
  12  8:05  SCV  
  12  8:08  Siege Tank  
  12  8:09  Viking x2  
  12  8:11  SCV  
  12  8:12  SCV  
  12  8:17  SCV  
  12  8:19  Starport Reactor  
  12  8:22  Supply Depot  
  12  8:24  SCV, Supply Depot  
  12  8:27  Refinery  
  12  8:29  Refinery, SCV, Command Center  
  12  8:37  Marine x2  
  12  8:38  Marauder x2  
  12  8:39  Medivac x2  
  12  8:42  SCV x2  
  12  8:56  Supply Depot  
  12  8:58  Supply Depot  
  12  8:59  SCV x3  
  12  9:05  Marine x10  
  12  9:15  Viking  
  12  9:16  Viking  
  12  9:17  Viking  
  12  9:23  Medivac  
  12  9:24  Marine x2  
  12  9:25  Marine x5  
  12  9:26  Marine x2  
  12  9:28  Supply Depot  
  12  9:38  Marauder x2  
  12  9:42  Marine x4  
  12  9:43  Marine x2  
Tags
 
Add a new tag
Caveats
  • Supply blocks, unpowered buildings, or Contaminate may cause inaccurate times.
  • Supply counts are checked every 10 seconds.